 Dungeon Crawl Stone Soup version 0.22.1-1-ga44c0e56f4 (webtiles) character file.

966 Cykl0x the Chopper (level 7, 0/61 HPs)
             Began as a Yellow Draconian Fighter on Sept 30, 2018.
             Slain by a wight
             ... wielding a +3 halberd
              (8 damage)
             ... on level 6 of the Dungeon.
             The game lasted 00:19:24 (4094 turns).

Cykl0x the Chopper (Yellow Draconian Fighter)       Turns: 4094, Time: 00:19:24

Health: 0/61       AC:  9    Str: 25    XL:     7   Next: 93%
Magic:  7/7        EV: 11    Int:  8    God:
Gold:   266        SH: 10    Dex: 11    Spells: 6/6 levels left

rFire    . . .     SeeInvis .   a - +2 war axe
rCold    . . .     Gourm    .   b - +0 shield
rNeg     . . .     Faith    .   (armour unavailable)
rPois    .         Spirit   .   (helmet restricted)
rElec    .         Reflect  .   e - +2 cloak
rCorr    +         Harm     .   (no gloves)
MR       .....                  (no boots)
Stlth    +.........             k - amulet of rage
HPRegen  0.20/turn              (no ring)
MPRegen  0.10/turn              (no ring)

@: mighty, drained
A: spit acid, acid resistance, unfitting armour, cold-blooded, AC +6
a: Breathe Acid, Evoke Berserk Rage


You were on level 6 of the Dungeon.
You were not hungry.

You visited 1 branch of the dungeon, and saw 6 of its levels.

You collected 266 gold pieces.

Inventory:

Hand Weapons
 a - a +2 war axe (weapon)
Armour
 b - a +0 shield (worn)
 e - a +2 cloak (worn)
Jewellery
 k - an amulet of rage (around neck)
Wands
 q - a wand of polymorph (9)
Scrolls
 m - a scroll of fear
 n - 2 scrolls of remove curse
 o - 3 scrolls of teleportation
 p - a scroll of amnesia
 r - a scroll of identify
Potions
 f - 3 potions of haste
 g - a potion of brilliance {unknown}
 h - 2 potions of flight {unknown}
 i - a potion of curing {unknown}
 j - 2 potions of agility
 l - a potion of lignification {unknown}
 s - a potion of berserk rage
 t - a potion of resistance {unknown}
Comestibles
 d - 12 rations


   Skills:
 + Level 5.1(4.9) Fighting
 + Level 6.2(6.0) Axes
 + Level 4.5(4.3) Dodging
 + Level 1.2(1.1) Stealth
 + Level 5.0(4.8) Shields


You had 6 spell levels left.
You didn't know any spells.
Your spell library was empty.

Dungeon Overview and Level Annotations

Branches:
Dungeon (6/15)
 Temple: D:4-7

Altars:
Nemelex Xobeh

Annotations:
D:6 Grinder


Innate Abilities, Weirdness & Mutations

You can spit globs of acid.
You are resistant to acid.
Your golden yellow scales are hard. (AC +6)
You cannot fit into any form of body armour.
You are cold-blooded and may be slowed by cold attacks.


Message History

An orc comes into view. It is wielding a flail.
The wight closely misses you.
You feel very mighty all of a sudden.
The wight hits you from afar with an enchanted halberd!
* * * LOW HITPOINT WARNING * * *
You slash the wight!
The wight is almost destroyed.
The wight hits you with an enchanted mace.
* * * LOW HITPOINT WARNING * * *
Grinder blinks!
The wight hits you but does no damage.
You barely miss the wight. You tail-slap the wight.
You destroy the wight!
You closely miss the crimson imp. The wight barely misses you.
You block the crimson imp's attack.
You barely miss the crimson imp.
The crimson imp blinks!
You block the wight's attack.
You slash the orc!
You kill the orc!
The wight hits you from afar with an enchanted halberd!
You die...

# #.
z###.############
...o........Z ..#
..........# ##.##
#z5.#
##...######.
##)##
#........... #@#
#....# #§# #.#§##
####5####.#<###
#...((§h§§§...#
#.##.###§§§...#
#.##.# #§§§...#
#.##.# ####...#
#.##.. ......
#.#### #.....


You could see Grinder, a wight and a crimson imp.

Vanquished Creatures
  3 centaurs
  2 wights (D:6)
  A howler monkey (D:4)
  A hound (D:4)
  2 centaur skeletons (D:4)
  3 bullfrog skeletons
  2 orc wizards (D:5)
  A gnoll shaman (D:4)
  2 worker ants (D:4)
  A hound skeleton (D:5)
  10 adders
  7 gnolls
  4 oozes
  3 adder skeletons
  4 dart slugs
  6 leopard geckos
  18 orcs
  10 bats
  5 giant cockroaches
  6 goblins
  7 hobgoblins
  6 jackals
  3 kobolds
  4 frilled lizards
  A leopard gecko skeleton (D:4)
  A quokka zombie (D:6)
  8 rats
121 creatures vanquished.

Notes
Turn   | Place    | Note
-------+----------+-------------------------------------------
     0 | D:1      | Cykl0x the Draconian Fighter began the quest for the Orb.
     0 | D:1      | Reached XP level 1. HP: 19/19 MP: 1/1
   193 | D:1      | Reached XP level 2. HP: 26/26 MP: 2/2
   768 | D:2      | Reached XP level 3. HP: 27/33 MP: 3/3
   778 | D:2      | Found a sparkling altar of Nemelex Xobeh.
  1350 | D:3      | Reached XP level 4. HP: 39/40 MP: 4/4
  1399 | D:3      | Reached skill level 3 in Axes
  1726 | D:3      | Noticed a centaur
  1739 | D:3      | Reached XP level 5. HP: 9/46 MP: 5/5
  1741 | D:3      | Killed a centaur
  2429 | D:4      | Reached skill level 4 in Axes
  2429 | D:4      | Reached XP level 6. HP: 48/53 MP: 6/6
  2802 | D:4      | Reached skill level 5 in Axes
  2882 | D:4      | Your scales start taking on a golden yellow colour.
  2882 | D:4      | Reached XP level 7. HP: 50/60 MP: 7/7
  3074 | D:5      | Entered Level 5 of the Dungeon
  3373 | D:5      | Reached skill level 1 in Stealth
  3551 | D:5      | Reached skill level 5 in Fighting
  4057 | D:6      | Reached skill level 6 in Axes
  4063 | D:6      | Noticed Grinder
  4086 | D:6      | Reached skill level 5 in Shields
  4094 | D:6      | Slain by a wight

Skill      XL: |  1  2  3  4  5  6  7 |
---------------+----------------------+-----
Dodging        | 3 4 |  4.5
Axes           | 3 4 5 6 |  6.2
Fighting       | 4 5 |  5.1
Shields        | 4 5 |  5.0
Stealth        | 1 |  1.2

Action                   |  1- 3 |  4- 6 |  7- 9 || total
-------------------------+-------+-------+-------++-------
Melee: War axe           |    76 |   171 |   109 ||   356
       Tailslap          |     6 |    20 |    13 ||    39
 Abil: Breathe Acid      |       |       |     1 ||     1
  Use: Scroll            |     7 |     4 |     3 ||    14
       Potion            |       |       |     1 ||     1
 Stab: Sleeping          |     1 |     2 |       ||     3
  Eat: Ration            |     1 |     1 |     1 ||     3
       Chunk             |       |       |     1 ||     1
Armor: Skin              |    27 |    65 |    33 ||   125
Dodge: Dodged            |    22 |    89 |    52 ||   163
Block: Shield            |    41 |   100 |    74 ||   215
